Map: 莱瑞拉克之冠

Players

shengy - Winner!

  • Race: Zerg Zerg
  • League: Gold

BesideHimslf

  • Race: Protoss Protoss
  • League: Platinum

VOD

Have the link to the VOD?

Description

Time

  • Played on: Nov. 27, 2015, 12:33 a.m.
  • Length: 7:49
Show
View Real Time Build Order
Export as new Build Order

shengy Zerg - Winner!

Build Orders: Hatch First, Lurkers 

Get SALT Encoding   

  12  0:01  Drone  
  13  0:08  Drone  
  14  0:16  Overlord  
  14  0:35  Drone x3  
  17  0:46  Drone  
  18  0:58  Hatchery  
  18  1:01  Drone  
  18  1:05  Extractor  
  18  1:08  Drone  
  18  1:31  Spawning Pool  
  17  1:40  Drone x2  
  17  1:41  Drone  
  20  1:54  Overlord  
  20  2:17  Drone x3  
  23  2:27  Queen  
  25  2:31  Zergling x4  
  27  2:37  Hatchery  
  26  2:46  Drone x2  
  26  2:48  Extractor  
  26  2:51  Evolution Chamber  
  26  2:54  Drone  
  26  2:55  Drone x2  
  29  3:02  Queen  
  32  3:08  Lair  
  32  3:15  Drone  
  32  3:16  Drone  
  32  3:17  Roach Warren, Drone x2  
  35  3:25  Overlord x2  
  35  3:32  Drone  
  36  3:49  Drone x4  
  36  3:50  Drone  
  41  4:06  Pneumatized Carapace  
  41  4:12  Hydralisk Den  
  41  4:13  Extractor  
  41  4:15  Extractor, Drone x5  
  43  4:17  Overlord x2  
  43  4:29  Drone x3  
  43  4:30  Drone  
  47  4:48  Hydralisk x4  
  47  4:49  Hydralisk x3  
  61  4:57  Lurker Den  
  61  4:59  Overlord  
  61  5:02  Overlord  
  61  5:27  Overseer  
  61  5:33  Overlord x2  
  61  5:46  Metabolic Boost  
  61  6:00  Drone x2  
  61  6:01  Drone  
  61  6:03  Drone x2  
  66  6:04  Overlord x2  
  66  6:05  Overlord  
  66  6:23  Lurker x4  
  66  6:24  Lurker x3  
  73  6:25  Zergling x2  
  73  6:27  Zergling x12  
  80  6:34  Zergling x12  
  86  7:07  Zergling x2  
  87  7:08  Zergling x2  
  87  7:09  Zergling x16  
  96  7:36  Baneling Nest  
Show
View Real Time Build Order
Export as new Build Order

BesideHimslf Protoss 

Build Orders:  

Get SALT Encoding   

  12  0:01  Probe (Chrono Boost)  
  13  0:13  Probe (Chrono Boost)  
  14  0:24  Pylon  
  14  0:28  Probe (Chrono Boost)  
  15  0:35  Assimilator  
  15  0:42  Probe (Chrono Boost)  
  16  0:53  Probe (Chrono Boost)  
  17  1:03  Probe (Chrono Boost)  
  18  1:15  Nexus  
  18  1:19  Probe (Chrono Boost)  
  19  1:35  Gateway  
  19  1:38  Probe (Chrono Boost)  
  20  1:49  Probe (Chrono Boost)  
  22  2:01  Probe (Chrono Boost)  
  22  2:05  Pylon  
  22  2:12  Probe (Chrono Boost)  
  23  2:22  Cybernetics Core  
  23  2:28  Assimilator  
  23  2:30  Probe (Chrono Boost)  
  23  2:31  Probe (Chrono Boost)  
  25  2:38  Forge  
  25  2:43  Probe x2 (Chrono Boost)  
  27  2:54  Probe x2 (Chrono Boost)  
  29  3:00  Stargate  
  29  3:04  Pylon  
  29  3:10  Warp Gate  
  29  3:15  Gateway  
  29  3:18  Zealot  
  31  3:22  Probe x2 (Chrono Boost)  
  33  3:29  Assimilator  
  33  3:32  Probe (Chrono Boost), Assimilator  
  34  3:35  Probe (Chrono Boost)  
  35  3:43  Probe (Chrono Boost)  
  35  3:45  Probe (Chrono Boost)  
  37  3:58  Pylon  
  37  4:01  Probe x2 (Chrono Boost)  
  39  4:03  Void Ray  
  43  4:23  Photon Cannon  
  43  4:25  Photon Cannon  
  43  4:29  Probe x2 (Chrono Boost)  
  45  4:34  Photon Cannon  
  45  4:39  Probe (Chrono Boost)  
  45  4:40  Probe (Chrono Boost)  
  45  4:43  Fleet Beacon  
  46  4:50  Probe x2 (Chrono Boost)  
  48  4:57  Pylon  
  48  5:02  Photon Cannon  
  48  5:05  Pylon, Probe (Chrono Boost)  
  48  5:06  Probe (Chrono Boost)  
  50  5:08  Phoenix  
  50  5:13  Protoss Air Weapons Level 1  
  52  5:20  Probe x2 (Chrono Boost)  
  54  5:22  Stargate  
  54  5:31  Probe (Chrono Boost)  
  55  5:39  Carrier (Chrono Boost)  
  61  5:44  Pylon  
  60  6:01  Stargate  
  60  6:07  Carrier (Chrono Boost)  
  66  6:13  Pylon, Graviton Catapult  
  66  6:20  Pylon  
  66  6:40  Probe x2  
  72  7:00  Pylon  
Tags
 
Add a new tag
Caveats
  • Supply blocks, unpowered buildings, or Contaminate may cause inaccurate times.
  • Supply counts are checked every 10 seconds.